TOP OF THE 1ST |
University of Michigan Wolverines batting - Pitching for Ohio State University Buckeyes : RHP Ryan Potter
|
Pitching: RHP Ryan Potter
|
|
Batting: LHB Javier Cajina
|
0-0: Called Strike 0-1: Ball 1-1: Foul Ball, location: 2F 1-2: Fly out, F7 (Flyball, 78D, EV 79.4 MPH)
|
Batting: RHB Ben Follett
|
0-0: Foul Ball, location: 2F 0-1: Foul Ball, location: 2F 0-2: Foul Ball, location: 2F 0-2: Ball 1-2: Ball 2-2: Foul Ball, location: 2F 2-2: Strikes out swinging
|
Batting: LHB Dakota Kaempf
|
0-0: Foul Ball, location: 2F 0-1: Called Strike 0-2: Ball 1-2: Foul Ball, location: 2F 1-2: Foul Ball, location: 2F 1-2: Ball 2-2: Ball 3-2: Base on Balls
|
Batting: LHB Hector Beltran
|
0-0: Called Strike 0-1: Ground out 4-3 (Groundball, 4D, EV 104.4 MPH)
|
Top of the 1st over - 0 runs, 0 hits, 0 errors, 1 left on base; University of Michigan 0 - Ohio State University 0 |
BOTTOM OF THE 1ST |
Ohio State University Buckeyes batting - Pitching for University of Michigan Wolverines : LHP Omar Gutierrez
|
Pitching: LHP Omar Gutierrez
|
|
Batting: LHB Adam Simpson
|
0-0: Called Strike 0-1: Ball 1-1: Foul Ball, location: 2F 1-2: Ball 2-2: Ball 3-2: Fly out, F4 (Popup, 4, EV 63.1 MPH)
|
Batting: RHB Jacob Carrano
|
0-0: Foul Ball, location: 2F 0-1: DOUBLE (Flyball, 8LXD, EV 100.6 MPH)
|
Batting: RHB Tristan Gimple
|
0-0: Called Strike 0-1: Ball 1-1: Called Strike 1-2: Ball 2-2: Strikes out swinging
|
Batting: LHB Tony Abascal
|
0-0: Called Strike 0-1: Called Strike 0-2: Ball 1-2: Ball 2-2: Foul Ball, location: 2F 2-2: Foul Ball, location: 2F 2-2: Ball 3-2: Foul Ball, location: 2F 3-2: Base on Balls
|
Batting: RHB Bo Wu
|
0-0: Foul Ball, location: 2F 0-1: Foul Ball, location: 2F 0-2: Strikes out swinging
|
Bottom of the 1st over - 0 runs, 1 hit, 0 errors, 2 left on base; University of Michigan 0 - Ohio State University 0 |
TOP OF THE 2ND |
University of Michigan Wolverines batting - Pitching for Ohio State University Buckeyes : RHP Ryan Potter
|
Batting: RHB Mitsuhiro Kobayashi
|
0-0: Ball 1-0: Ground out 5-3 (Groundball, 56S, EV 89.4 MPH)
|
Batting: LHB Takao Ogura
|
0-0: Ball 1-0: Ball 2-0: Called Strike 2-1: Foul Ball, location: 2F 2-2: SINGLE (Groundball, 6D, EV 100.0 MPH)
|
Batting: SHB J.D. Newman
|
0-0: Fielders Choice at 2nd, 5-4 (Groundball, 56, EV 108.8 MPH)
|
Batting: RHB Jeremy Marin
|
0-0: Foul Ball, location: 2F 0-1: Swinging Strike 0-2: Strikes out swinging
|
Top of the 2nd over - 0 runs, 1 hit, 0 errors, 1 left on base; University of Michigan 0 - Ohio State University 0 |
BOTTOM OF THE 2ND |
Ohio State University Buckeyes batting - Pitching for University of Michigan Wolverines : LHP Omar Gutierrez
|
Batting: LHB Zach Brandt
|
0-0: Called Strike 0-1: Ball 1-1: SINGLE (Flyball, 8LS, EV 99.4 MPH)
|
Batting: RHB David Guillen
|
0-0: Called Strike 0-1: Ball 1-1: Ball 2-1: Grounds into double play, 6-4-3 (Groundball, 6, EV 88.1 MPH)
|
Batting: RHB Mike Tarantino
|
0-0: Called Strike 0-1: Called Strike 0-2: Ball 1-2: Foul Ball, location: 2F 1-2: Foul Ball, location: 2F 1-2: Ball 2-2: SINGLE (Line Drive, 89S, EV 104.4 MPH)
|
Batting: RHB Josh Dinsmore
|
0-0: Ball 1-0: Foul Ball, location: 2F 1-1: Called Strike 1-2: Strikes out swinging
|
Bottom of the 2nd over - 0 runs, 2 hits, 0 errors, 1 left on base; University of Michigan 0 - Ohio State University 0 |
TOP OF THE 3RD |
University of Michigan Wolverines batting - Pitching for Ohio State University Buckeyes : RHP Ryan Potter
|
Batting: RHB Shi-xian Da
|
0-0: Ball 1-0: Ball 2-0: SINGLE (Groundball, 6S, EV 69.4 MPH) (infield hit)
|
Batting: LHB Javier Cajina
|
0-0: Swinging Strike 0-1: Ball 1-1: Foul Ball, location: 2F 1-2: Fly out, F5 (Popup, 5F, EV 53.1 MPH)
|
Batting: RHB Ben Follett
|
0-0: Ball 1-0: Ball 2-0: Ball 3-0: Called Strike 3-1: Grounds into double play, 4-6-3 (Groundball, 4MS, EV 85.0 MPH)
|
Top of the 3rd over - 0 runs, 1 hit, 0 errors, 0 left on base; University of Michigan 0 - Ohio State University 0 |
BOTTOM OF THE 3RD |
Ohio State University Buckeyes batting - Pitching for University of Michigan Wolverines : LHP Omar Gutierrez
|
Batting: LHB Adam Simpson
|
0-0: Called Strike 0-1: Ball 1-1: Swinging Strike 1-2: Strikes out swinging
|
Batting: RHB Jacob Carrano
|
0-0: Called Strike 0-1: Called Strike 0-2: Ball 1-2: Strikes out looking
|
Batting: RHB Tristan Gimple
|
0-0: Fly out, F9 (Line Drive, 89D, EV 90.6 MPH)
|
Bottom of the 3rd over - 0 runs, 0 hits, 0 errors, 0 left on base; University of Michigan 0 - Ohio State University 0 |
TOP OF THE 4TH |
University of Michigan Wolverines batting - Pitching for Ohio State University Buckeyes : RHP Ryan Potter
|
Batting: LHB Dakota Kaempf
|
0-0: Fly out, F8 (Flyball, 8RM, EV 95.6 MPH)
|
Batting: LHB Hector Beltran
|
0-0: Called Strike 0-1: Foul Ball, location: 2F 0-2: Strikes out looking
|
Batting: RHB Mitsuhiro Kobayashi
|
0-0: Ball 1-0: Called Strike 1-1: Called Strike 1-2: Foul Ball, location: 2F 1-2: SINGLE (Groundball, 34D, EV 94.4 MPH)
|
Batting: LHB Takao Ogura
|
0-0: DOUBLE (Flyball, 89D, EV 105.0 MPH) Mitsuhiro Kobayashi to third Runner from 3rd tries for Home, throw by RF and OUT! 9-4-2
|
Top of the 4th over - 0 runs, 2 hits, 0 errors, 1 left on base; University of Michigan 0 - Ohio State University 0 |
BOTTOM OF THE 4TH |
Ohio State University Buckeyes batting - Pitching for University of Michigan Wolverines : LHP Omar Gutierrez
|
Batting: LHB Tony Abascal
|
0-0: Ball 1-0: Swinging Strike 1-1: Fly out, F8 (Flyball, 8LD, EV 88.1 MPH)
|
Batting: RHB Bo Wu
|
0-0: Called Strike 0-1: Foul Ball, location: 2F 0-2: Strikes out swinging
|
Batting: LHB Zach Brandt
|
0-0: Called Strike 0-1: Ball 1-1: Ground out 3-1 (Groundball, 34S, EV 81.9 MPH)
|
Bottom of the 4th over - 0 runs, 0 hits, 0 errors, 0 left on base; University of Michigan 0 - Ohio State University 0 |
TOP OF THE 5TH |
University of Michigan Wolverines batting - Pitching for Ohio State University Buckeyes : RHP Ryan Potter
|
Batting: SHB J.D. Newman
|
0-0: Ball 1-0: Ball 2-0: Called Strike 2-1: Fly out, F8 (Line Drive, 8LM, EV 87.5 MPH)
|
Batting: RHB Jeremy Marin
|
0-0: Ball 1-0: Ball 2-0: Called Strike 2-1: Ball 3-1: Base on Balls
|
Batting: RHB Shi-xian Da
|
0-0: Ball 1-0: Swinging Strike 1-1: Foul Ball, location: 2F 1-2: Foul Ball, location: 2F 1-2: Ball 2-2: Ball 3-2: Ground out 4-3 (Groundball, 3D, EV 77.5 MPH) Jeremy Marin to second
|
Batting: LHB Javier Cajina
|
0-0: Ball 1-0: Ball 2-0: Called Strike 2-1: Foul Ball, location: 2F 2-2: Foul Ball, location: 2F 2-2: Foul Ball, location: 2F 2-2: Foul Ball, location: 2F 2-2: Strikes out swinging
|
Top of the 5th over - 0 runs, 0 hits, 0 errors, 1 left on base; University of Michigan 0 - Ohio State University 0 |
BOTTOM OF THE 5TH |
Ohio State University Buckeyes batting - Pitching for University of Michigan Wolverines : LHP Omar Gutierrez
|
Batting: RHB David Guillen
|
0-0: Ball 1-0: Foul Ball, location: 2F 1-1: Ball 2-1: Swinging Strike 2-2: Strikes out looking
|
Batting: RHB Mike Tarantino
|
0-0: Called Strike 0-1: Ball 1-1: Fly out, F9 (Line Drive, 89D, EV 93.1 MPH)
|
Batting: RHB Josh Dinsmore
|
0-0: Called Strike 0-1: Called Strike 0-2: Ball 1-2: Foul Ball, location: 2F 1-2: Foul Ball, location: 2F 1-2: Ball 2-2: Strikes out looking
|
Bottom of the 5th over - 0 runs, 0 hits, 0 errors, 0 left on base; University of Michigan 0 - Ohio State University 0 |
TOP OF THE 6TH |
University of Michigan Wolverines batting - Pitching for Ohio State University Buckeyes : RHP Ryan Potter
|
Batting: RHB Ben Follett
|
0-0: Ball 1-0: Swinging Strike 1-1: Swinging Strike 1-2: Strikes out looking
|
Pitching: RHP Neville MacDonald
|
|
Batting: LHB Dakota Kaempf
|
0-0: Ball 1-0: Ball 2-0: Ball 3-0: Base on Balls
|
Batting: LHB Hector Beltran
|
0-0: Ball 1-0: Ball 2-0: Called Strike 2-1: Foul Ball, location: 2F 2-2: Foul Ball, location: 2F 2-2: Foul Ball, location: 2F 2-2: SINGLE (Line Drive, 89S, EV 96.2 MPH) Dakota Kaempf to second
|
Batting: RHB Mitsuhiro Kobayashi
|
0-0: Swinging Strike 0-1: Ball 1-1: Swinging Strike 1-2: Ball 2-2: Strikes out swinging
|
Batting: LHB Takao Ogura
|
0-0: SINGLE (Flyball, 56D, EV 91.9 MPH) Dakota Kaempf to third Hector Beltran to second
|
Pinch Hitting: LHB Carlos Guajardo
|
0-0: Ball 1-0: Called Strike 1-1: Ball 2-1: Ground out 4-3 (Groundball, 4, EV 90.6 MPH)
|
Top of the 6th over - 0 runs, 2 hits, 0 errors, 3 left on base; University of Michigan 0 - Ohio State University 0 |
BOTTOM OF THE 6TH |
Ohio State University Buckeyes batting - Pitching for University of Michigan Wolverines : LHP Omar Gutierrez
|
Now at SS: Yoshihisa Kobayashi
|
|
Batting: LHB Adam Simpson
|
0-0: Called Strike 0-1: Called Strike 0-2: Fly out, F8 (Flyball, 8LS, EV 83.1 MPH)
|
Batting: RHB Jacob Carrano
|
0-0: Called Strike 0-1: Ball 1-1: Called Strike 1-2: Strikes out swinging
|
Batting: RHB Tristan Gimple
|
0-0: Ball 1-0: Called Strike 1-1: Called Strike 1-2: Ball 2-2: Strikes out swinging
|
Bottom of the 6th over - 0 runs, 0 hits, 0 errors, 0 left on base; University of Michigan 0 - Ohio State University 0 |
TOP OF THE 7TH |
University of Michigan Wolverines batting - Pitching for Ohio State University Buckeyes : RHP Neville MacDonald
|
Pitching: RHP Bob Rowsell
|
|
Batting: RHB Jeremy Marin
|
0-0: Called Strike 0-1: SOLO HOME RUN (Line Drive, 7D, EV 105.0 MPH), Distance : 393 ft
|
Batting: RHB Shi-xian Da
|
0-0: Ground out 3-1 (Groundball, 34, EV 87.5 MPH)
|
Batting: LHB Javier Cajina
|
0-0: Called Strike 0-1: Ball 1-1: Foul Ball, location: 2F 1-2: Fly out, F9 (Line Drive, 9, EV 84.4 MPH)
|
Batting: RHB Ben Follett
|
0-0: Ball 1-0: Ground out 3-1 (Groundball, 34, EV 105.0 MPH)
|
Top of the 7th over - 1 run, 1 hit, 0 errors, 0 left on base; University of Michigan 1 - Ohio State University 0 |
BOTTOM OF THE 7TH |
Ohio State University Buckeyes batting - Pitching for University of Michigan Wolverines : LHP Omar Gutierrez
|
Pitching: LHP Dan Mclaren
|
|
Batting: LHB Tony Abascal
|
0-0: Ball 1-0: Ball 2-0: Called Strike 2-1: Foul Ball, location: 2F 2-2: Ground out 6-3 (Groundball, 6, EV 87.5 MPH)
|
Batting: RHB Bo Wu
|
0-0: Ball 1-0: SINGLE (Groundball, 6, EV 93.8 MPH)
|
Batting: LHB Zach Brandt
|
0-0: Ball 1-0: Ball 2-0: SINGLE (Groundball, 5L, EV 103.1 MPH) (infield hit) Bo Wu to second
|
Batting: RHB David Guillen
|
0-0: Ball 1-0: Ball 2-0: Foul Ball, location: 2F 2-1: DOUBLE (Line Drive, 89D, EV 101.9 MPH) Bo Wu scores Zach Brandt to third
|
Batting: RHB Mike Tarantino
|
0-0: Ground out 4-3 (Groundball, 4, EV 103.1 MPH)
|
Batting: RHB Josh Dinsmore
|
0-0: Ball 1-0: Called Strike 1-1: Ball 2-1: Foul Ball, location: 2F 2-2: Fly out, F7 (Flyball, 7S, EV 76.9 MPH)
|
Bottom of the 7th over - 1 run, 3 hits, 0 errors, 2 left on base; University of Michigan 1 - Ohio State University 1 |
TOP OF THE 8TH |
University of Michigan Wolverines batting - Pitching for Ohio State University Buckeyes : RHP Bob Rowsell
|
Pitching: RHP Kyle Collins
|
|
Batting: LHB Dakota Kaempf
|
0-0: Called Strike 0-1: Ball 1-1: Called Strike 1-2: Strikes out swinging
|
Pitching: LHP Chase Smith
|
|
Batting: LHB Hector Beltran
|
0-0: Fly out, F7 (Flyball, 7D, EV 92.5 MPH)
|
Batting: RHB Mitsuhiro Kobayashi
|
0-0: Ball 1-0: Ball 2-0: Called Strike 2-1: Ball 3-1: Base on Balls
|
Batting: LHB Takao Ogura
|
0-0: Fly out, F4 (Line Drive, 4, EV 66.2 MPH)
|
Top of the 8th over - 0 runs, 0 hits, 0 errors, 1 left on base; University of Michigan 1 - Ohio State University 1 |
BOTTOM OF THE 8TH |
Ohio State University Buckeyes batting - Pitching for University of Michigan Wolverines : LHP Dan Mclaren
|
Pitching: RHP Malcolm Petteway
|
|
Batting: LHB Adam Simpson
|
0-0: Called Strike 0-1: Called Strike 0-2: Foul Ball, location: 2F 0-2: DOUBLE (Flyball, 78D, EV 111.2 MPH)
|
Batting: RHB Jacob Carrano
|
0-0: Ball Adam Simpson steals 3rd base 1-0: Ball 2-0: Called Strike 2-1: SINGLE (Groundball, 56, EV 98.1 MPH) Adam Simpson scores
|
Batting: RHB Tristan Gimple
|
0-0: Ball 1-0: Called Strike 1-1: SINGLE (Groundball, 56D, EV 100.6 MPH) Jacob Carrano to second
|
Batting: LHB Tony Abascal
|
0-0: Called Strike 0-1: Fly out, F7 (Flyball, 7S, EV 77.5 MPH)
|
Batting: RHB Bo Wu
|
0-0: Called Strike 0-1: Fly out, F8 (Flyball, 8RM, EV 91.9 MPH)
|
Batting: LHB Zach Brandt
|
0-0: Ball 1-0: Ball 2-0: Ball 3-0: Called Strike 3-1: Base on Balls Jacob Carrano to third Tristan Gimple to second
|
Batting: RHB David Guillen
|
0-0: Ball 1-0: Ball 2-0: Foul Ball, location: 2F 2-1: Ball 3-1: Base on Balls Jacob Carrano scores Tristan Gimple to third Zach Brandt to second
|
Pitching: RHP Tony Lupercio
|
|
Batting: RHB Mike Tarantino
|
0-0: Foul Ball, location: 2F 0-1: Foul Ball, location: 2F 0-2: Ground out 4-3 (Groundball, 4, EV 83.8 MPH)
|
Bottom of the 8th over - 2 runs, 3 hits, 0 errors, 3 left on base; University of Michigan 1 - Ohio State University 3 |
TOP OF THE 9TH |
University of Michigan Wolverines batting - Pitching for Ohio State University Buckeyes : LHP Chase Smith
|
Pitching: RHP Danny Arnold
|
|
Batting: LHB Yoshihisa Kobayashi
|
0-0: Ball 1-0: Ball 2-0: Called Strike 2-1: Foul Ball, location: 2F 2-2: SINGLE (Line Drive, 78S, EV 106.2 MPH)
|
Pinch Hitting: SHB Fernando Fundora
|
0-0: Grounds into double play, 6-4-3 (Groundball, 6, EV 102.5 MPH)
|
Batting: RHB Shi-xian Da
|
0-0: Ball 1-0: Fly out, F7 (Flyball, 7S, EV 94.4 MPH)
|
Top of the 9th over - 0 runs, 1 hit, 0 errors, 0 left on base; University of Michigan 1 - Ohio State University 3 |
|